 Dungeon Crawl Stone Soup version 0.30.1-6-gbe392663c4 (webtiles) character file.

Game seed: 580670828324954120

115071 Ivernyr the Stickfighter (level 17, -7/112 (140) HPs)
             Began as a Formicid Fighter on Sept 20, 2023.
             Was the Champion of Wu Jian.
             Killed from afar by a ghostly deep elf death mage (52 damage)
             ... with a bolt of negative energy
             ... on level 3 of the Elven Halls on Sept 21, 2023.
             The game lasted 01:41:25 (25620 turns).

Ivernyr the Stickfighter (Formicid Fighter)        Turns: 25620, Time: 01:41:25

HP:   -7/112 (140)  AC: 14    Str: 35    XL:     17   Next: 22%
MP:   17/17         EV: 24    Int: 10    God:    Wu Jian [******]
Gold: 1639          SH: 18    Dex: 19    Spells: 16/16 levels left

rFire   . . .        e - +5 lajatang (heavy)
rCold   . . .        c - +0 kite shield
rNeg    . . .        l - +1 leather armour of Patterns {Contam Str+5}
rPois   .            (helmet unavailable)
rElec   .            b - +2 cloak {Stlth+}
rCorr   .            y - +0 pair of gloves
SInv    +            o - +2 pair of boots {Stlth+}
Will    +....        S - amulet of reflection
Stlth   +++          a - +6 ring of dexterity
HPRegen 0.38/turn    j - ring of Uholut {EV+5 Str+3}
MPRegen 0.15/turn

%: reflection
@: exhausted, heavily drained
A: permanent stasis, dig shafts and tunnels, antennae 3, four strong arms
a: Dig, Shaft Self, Renounce Religion, Wall Jump, Serpent's Lash, Heavenly Storm


You were on level 3 of the Elven Halls.
You worshipped Wu Jian.
Wu Jian was exalted by your worship.
You visited 5 branches of the dungeon, and saw 20 of its levels.
You visited the Abyss 1 time.

You collected 2188 gold pieces.
You spent 549 gold pieces at shops.

Inventory:

Hand Weapons
 e - a +5 heavy lajatang (weapon)
 g - a +9 spear of protection
Armour
 b - a +2 cloak of stealth (worn)
 c - a +0 kite shield (worn)
 l - the +1 leather armour of Patterns (worn) {Contam Str+5}
   (You bought it in a shop on level 2 of the Orcish Mines)

   Str:       It affects your strength (+5).
   Contam:    It causes magical contamination when unequipped.
 o - a +2 pair of boots of stealth (worn)
 y - a +0 pair of gloves (worn)
Jewellery
 a - a +6 ring of dexterity (left hand)
 j - the ring of Uholut (right hand) {EV+5 Str+3}
   (You found it on level 4 of the Lair of Beasts)

   [ring of evasion]

   EV:        It affects your evasion (+5).
   Str:       It affects your strength (+3).
 r - a +5 ring of evasion
 B - a ring of resist corrosion
 S - an amulet of reflection (around neck)
Wands
 v - a wand of light (23)
 D - a wand of paralysis (14)
 J - a wand of flame (28)
 L - a wand of iceblast (22)
 O - a wand of digging (6)
Scrolls
 h - 5 scrolls of amnesia
 q - 2 scrolls of magic mapping
 H - 4 scrolls of fog
 Q - a scroll of silence
Potions
 d - 2 potions of magic
 f - a potion of brilliance {unknown}
 i - 4 potions of flight
 k - 3 potions of might
 m - a potion of heal wounds
 n - 3 potions of mutation
 u - 5 potions of invisibility
 x - 2 potions of attraction
 z - a potion of cancellation {unknown}
 A - 5 potions of curing
 M - 3 potions of lignification


   Skills:
 + Level 14.5 Fighting
 * Level 18.1 Staves
 + Level 14.5 Armour
 + Level 12.0 Dodging
 + Level 10.8 Shields


You had 16 spell levels left.
You didn't know any spells.
Your spell library contained the following spells:

 Spells                   Type           Power      Damage    Failure   Level
 Apportation              Tloc           0%         N/A       52%         1
 Shock                    Conj/Air       0%         1d3       52%         1
 Slow                     Hex            0%         N/A       52%         1
 Sting                    Tmut/Pois      0%         1d3       52%         1
 Ensorcelled Hibernation  Hex/Ice        0%         N/A       65%         2
 Lesser Beckoning         Tloc           0%         N/A       65%         2
 Poisonous Vapours        Pois/Air       0%         N/A       65%         2
 Static Discharge         Conj/Air       0%         2-2/arc   65%         2
 Sublimation of Blood     Necr           0%         N/A       65%         2
 Wereblood                Tmut           0%         N/A       65%         2
 Confusing Touch          Hex            0%         N/A       87%         3
 Gell's Gravitas          Tloc           0%         N/A       87%         3
 Spider Form              Tmut/Pois      0%         N/A       87%         3
 Teleport Other           Tloc           0%         N/A       87%         3
 Vampiric Draining        Necr           0%         2d6       87%         3
 Airstrike                Air            0%         2d(0-16)  99%         4
 Anguish                  Hex/Necr       0%         N/A       99%         4
 Cause Fear               Hex            0%         N/A       99%         4
 Manifold Assault         Tloc           0%         N/A       99%         4
 Olgreb's Toxic Radiance  Pois           0%         N/A       99%         4
 Summon Lightning Spire   Summ/Air       0%         N/A       99%         4
 Alistair's Intoxication  Tmut/Pois      0%         N/A       100%        5
 Dispersal                Tloc           0%         N/A       100%        6
 Simulacrum               Ice/Necr       0%         N/A       100%        6
 Dragon Form              Tmut           0%         N/A       100%        7
 Enfeeble                 Hex            0%         N/A       100%        7
 Ozocubu's Refrigeration  Ice            0%         4d7       100%        7
 Summon Hydra             Summ           0%         N/A       100%        7
 Disjunction              Tloc           0%         N/A       100%        8
 Dragon's Call            Summ           0%         N/A       100%        9
 Polar Vortex             Ice            0%         N/A       100%        9
 Blink                    Tloc           Unusable   N/A       N/A         2
 Swiftness                Air            Unusable   N/A       N/A         3

Dungeon Overview and Level Annotations

Branches:
Dungeon (9/15)             Temple (1/1) D:5            Lair (5/5) D:9
  Swamp (0/4) Lair:3        Snake (0/4) Lair:2        Slime (0/5) Lair:4
    Orc (2/2) D:9             Elf (3/3) Orc:2

Altars:
Ashenzari
Dithmenos
Fedhas
Hepliaklqana
Kikubaaqudgha
Makhleb
Trog
Uskayaw
Vehumet
Wu Jian
Xom
Jiyva

Shops:
D:6 *   Orc:1 [   Orc:2 =:*[   Elf:1 *:[

Annotations:
Orc:2 2 transporters, MKJORY's ghost, journeyman TrGl


Innate Abilities, Weirdness & Mutations

You cannot be hasted, slowed, berserked, paralysed or teleported.
You can dig through walls and to a lower floor.
You have a pair of large antennae on your head. (SInv)
Your four strong arms can wield two-handed weapons with a shield.


Message History

Found a robe.
You completely miss the deep elf death mage.
You block the deep elf death mage's attack.
You closely miss the deep elf death mage.
The deep elf death mage beckons forth a restless soul!
You slice the deep elf death mage!!
The deep elf death mage is moderately wounded.
The deep elf death mage gestures at you while chanting.
The bolt of negative energy hits you!!
You feel drained.
You barely miss the deep elf death mage.
The deep elf death mage is moderately wounded.
You block the deep elf death mage's attack.
You closely miss the deep elf death mage.
The deep elf death mage is moderately wounded.
The deep elf death mage casts a spell at you.
The bolt of negative energy hits you!!!
You feel drained.
You barely miss the deep elf death mage.
The deep elf death mage is moderately wounded.
You block the deep elf death mage's attack.
You chop the deep elf death mage into pieces!!!
The deep elf death mage is almost dead.
You block the deep elf death mage's attack. x2
You open the deep elf death mage like a pillowcase!!!
The lost soul assumes the form of the deep elf death mage and becomes anchored to this world!
The ghostly deep elf death mage completely misses you.
Your muscles tense, ready for explosive movement...
You spin and attack the ghostly deep elf death mage, with incredible momentum.
You hit the ghostly deep elf death mage.
The ghostly deep elf death mage is lightly damaged.
Things that are here:
a +0 shortbow; a +0 short sword; a +0 leather armour You spin and attack the ghostly deep elf death mage, with incredible momentum.
You chop the ghostly deep elf death mage into pieces!!!
The ghostly deep elf death mage is almost destroyed.
Your supernatural speed expires.
You closely miss the ghostly deep elf death mage.
The ghostly deep elf death mage is almost destroyed.
The ghostly deep elf death mage casts a spell at you.
The bolt of negative energy hits you!!!
You feel drained.
You die...

... .... #.# ..#.#
#.# .... #.# #..###
#.# ..[..##
#.######)#####......#
....................[
#####.......[........
.###.....)..@........
......).)<.○e.<......
####.....)[<☼........
#.................
#................#
#.........#.....##
#.........##..###
##.......## ###
#########


You could see a ghostly deep elf death mage.

Vanquished Creatures
  Donald (Elf:2)
  A deep elf sorcerer (Elf:1)
  A deep elf elementalist (Elf:2)
  A deep elf death mage (Elf:1)
  A deep elf high priest (Elf:3)
  An entropy weaver (shapeshifter) (Elf:1)
  4 hydras
  A catoblepas (Lair:3)
  4 ogre magi (Orc:2)
  14 two-headed ogres
  25 dancing weapons
  A death yak (Lair:2)
  10 deep elf knights
  Urug (Lair:4)
  3 large abominations (Abyss:2)
  8 deep elf archers
  Pikel (D:6)
  An anaconda skeleton (Abyss:2)
  A necromancer (Lair:5)
  20 deep elf pyromancers
  2 starcursed masses (Abyss:2)
  22 deep elf zephyrmancers
  A cyclops (Orc:2)
  6 orc sorcerers
  12 elephants
  A salamander (shapeshifter) (Elf:2)
  7 black mambas
  A guardian serpent (shapeshifter) (Elf:1)
  A gargoyle (D:8)
  Maggie (D:7)
  2 torpor snails
  13 cane toads
  2 rime drakes
  6 komodo dragons
  A troll (Orc:1)
  An ancient zyme (Abyss:2)
  A polar bear (shapeshifter) (Elf:1)
  A queen bee (Lair:3)
  A hellwing (Abyss:2)
  5 polar bears (Lair:5)
  5 meliai (Lair:3)
  2 hornets (Lair:5)
  8 dream sheep
  28 blink frogs
  Sigmund (D:3)
  13 spriggans (Lair:5)
  A water elemental (Elf:3)
  3 air elementals
  15 yaks
  5 wyverns
  A small abomination (Abyss:2)
  A wraith (Abyss:2)
  2 fire elementals
  8 basilisks
  2 steam dragons
  A warg (Orc:2)
  A vampire mosquito (D:7)
  A swamp worm (Lair:3)
  A naga (Lair:2)
  22 water moccasins
  An acid dragon (D:8)
  21 orc warriors
  9 black bears
  2 sky beasts (D:7)
  3 ice beasts
  27 ogres
  27 wolves
  5 boggarts (Lair:5)
  6 centaurs
  2 phantoms
  A lemure (D:6)
  12 bullfrogs
  3 earth elementals (Elf:1)
  3 gnoll sergeants
  5 scorpions
  4 wights (D:7)
  35 killer bees
  8 howler monkeys
  2 electric eels (D:9)
  7 jellies
  14 orc priests
  2 hounds (D:6)
  5 iguanas
  An iron imp (Abyss:2)
  2 sleepcaps
  14 orc wizards
  4 polar bear simulacra (Lair:5)
  A hell rat (Lair:3)
  4 yak simulacra (Lair:5)
  A wolf simulacrum (Lair:5)
  13 gnolls
  6 adders
  2 river rats (Lair:3)
  2 shadow imps (D:6)
  2 white imps
  A dart slug (D:1)
  63 orcs
  7 ball pythons
  8 endoplasms
  3 giant cockroaches
  6 hobgoblins
  4 jackals (D:4)
  5 kobolds
  6 quokkas
  6 bats
  4 frilled lizards
  9 goblins
  6 rats
  2 river rat simulacra (Lair:5)
694 creatures vanquished.

Vanquished Creatures (others)
  A deep elf knight (Elf:2)
  A deep elf pyromancer (Elf:2)
  2 deep elf zephyrmancers (Elf:1)
  A shadow (D:9)
  An orc wizard (Orc:2)
6 creatures vanquished.

Grand Total: 700 creatures vanquished

Notes
Turn   | Place    | Note
-------+----------+-------------------------------------------
     0 | D:1      | Ivernyr the Formicid Fighter began the quest for the Orb.
     0 | D:1      | Reached XP level 1. HP: 18/18 MP: 1/1
    28 | D:1      | Reached XP level 2. HP: 6/24 MP: 2/2
   284 | D:1      | Reached XP level 3. HP: 29/29 MP: 3/3
  1030 | D:2      | Reached skill level 3 in Staves
  1030 | D:2      | Reached skill level 1 in Dodging
  1030 | D:2      | Reached XP level 4. HP: 20/37 MP: 4/4
  1145 | D:2      | Found an ancient bone altar of Kikubaaqudgha.
  1873 | D:3      | Reached XP level 5. HP: 26/42 MP: 5/5
  2073 | D:3      | Noticed Sigmund
  2087 | D:3      | Killed Sigmund
  2088 | D:3      | Reached skill level 4 in Staves
  2088 | D:3      | Reached XP level 6. HP: 47/49 MP: 6/6
  2261 | D:3      | You fall into a shaft and drop 1 floor!
  2448 | D:4      | Reached XP level 7. HP: 55/55 MP: 7/7
  2753 | D:4      | Reached skill level 5 in Staves
  3112 | D:5      | Entered Level 5 of the Dungeon
  3162 | D:5      | Reached skill level 5 in Fighting
  3162 | D:5      | Reached skill level 5 in Armour
  3179 | D:5      | Reached XP level 8. HP: 62/62 MP: 8/8
  3225 | D:5      | Found a staircase to the Ecumenical Temple.
  3250 | Temple   | Entered the Ecumenical Temple
  3255 | Temple   | Became a worshipper of the Wu Jian Council
  3358 | D:5      | Reached skill level 6 in Staves
  3457 | D:5      | Found a broken altar of Ashenzari.
  3644 | D:6      | Found Daewy's Gadget Gallery.
  3804 | D:6      | Reached XP level 9. HP: 69/69 MP: 9/9
  3824 | D:6      | Reached * piety under Wu Jian
  3825 | D:6      | Reached skill level 7 in Staves
  4017 | D:6      | Noticed Pikel
  4046 | D:6      | Killed Pikel
  4206 | D:6      | Reached skill level 8 in Staves
  4654 | D:6      | Found a blossoming altar of Fedhas.
  4942 | D:7      | HP: 3/71 [gnoll sergeant/+9 spear (6)]
  5174 | D:6      | Reached skill level 5 in Dodging
  5239 | D:7      | Reached XP level 10. HP: 56/79 MP: 10/10
  5406 | D:7      | Reached skill level 9 in Staves
  5419 | D:7      | Reached ** piety under Wu Jian
  5465 | D:7      | Noticed Maggie
  5624 | D:7      | Killed Maggie
  6547 | D:7      | Reached skill level 10 in Staves
  6643 | D:8      | Reached *** piety under Wu Jian
  6697 | D:8      | Noticed a gargoyle
  6713 | D:8      | Killed a gargoyle
  6714 | D:8      | Reached XP level 11. HP: 37/87 MP: 11/11
  6940 | D:8      | Got A Primer on Willworking
  7715 | D:9      | Found a shimmering altar of Xom.
  7800 | D:9      | Reached skill level 11 in Staves
  8173 | D:9      | Reached **** piety under Wu Jian
  8592 | D:9      | Found a staircase to the Orcish Mines.
  8713 | D:9      | Found a staircase to the Lair.
  8824 | Lair:1   | Entered Level 1 of the Lair of Beasts
  9467 | Lair:1   | Reached XP level 12. HP: 18/96 MP: 12/12
  9916 | Lair:1   | Reached skill level 12 in Staves
 10264 | Lair:2   | Noticed a death yak
 10559 | Lair:2   | Killed a death yak
 10770 | Lair:2   | Reached skill level 10 in Armour
 10776 | Lair:2   | Reached skill level 10 in Fighting
 11367 | Lair:2   | Found a staircase to the Snake Pit.
 12335 | Lair:3   | Identified a scroll of acquirement
 12335 | Lair:3   | Acquired a +2 lajatang of pain
 12484 | Lair:3   | Reached skill level 13 in Staves
 12679 | Lair:3   | Reached ***** piety under Wu Jian
 12680 | Lair:3   | Reached XP level 13. HP: 74/104 MP: 13/13
 12749 | Lair:3   | Identified the +4 flail "Dynun" {freeze, Str+3}
 13429 | Lair:3   | Noticed a seven-headed hydra
 13538 | Lair:3   | Killed a seven-headed hydra
 13783 | Lair:3   | Noticed a seven-headed hydra
 13796 | Lair:3   | Killed a seven-headed hydra
 13953 | Lair:3   | Found a staircase to the Swamp.
 14021 | Lair:4   | Reached skill level 14 in Staves
 14589 | Lair:4   | Found a viscous altar of Jiyva.
 14610 | Lair:4   | Identified the ring of Uholut {EV+5 Str+3}
 14679 | Lair:4   | Found a staircase to the Slime Pits.
 14770 | Lair:4   | Noticed Urug
 14770 | Lair:4   | Noticed a catoblepas
 14888 | Lair:3   | Killed a catoblepas
 15070 | Lair:4   | Killed Urug
 15364 | Lair:5   | Entered Level 5 of the Lair of Beasts
 15364 | Lair:5   | Noticed a five-headed hydra
 15371 | Lair:5   | Killed a five-headed hydra
 15566 | Lair:5   | Reached XP level 14. HP: 102/114 MP: 14/14
 16458 | Lair:5   | Reached skill level 15 in Staves
 16767 | Lair:5   | Reached skill level 5 in Shields
 16898 | Lair:5   | Reached skill level 10 in Dodging
 17041 | Lair:5   | Reached ****** piety under Wu Jian
 18314 | Orc:1    | Entered Level 1 of the Orcish Mines
 18367 | Orc:2    | Entered Level 2 of the Orcish Mines
 18368 | Orc:2    | Found a staircase to the Elven Halls.
 18604 | Orc:2    | Found a bloodstained altar of Trog.
 18701 | Orc:2    | Reached XP level 15. HP: 96/122 MP: 15/15
 18882 | Orc:1    | Found Iloesas's Armour Emporium.
 19352 | Orc:2    | Reached skill level 16 in Staves
 19808 | Orc:2    | Found Bali's Jewellery Emporium.
 19808 | Orc:2    | Found Rysuocu's General Store.
 19808 | Orc:2    | Found Fussy's Book Shop.
 19808 | Orc:2    | Found Luces's Antique Armour Shoppe.
 19818 | Orc:2    | Bought a jewelled leather armour for 175 gold pieces
 19818 | Orc:2    | Identified the +1 leather armour of Patterns {Contam Str+5}
                  | (You bought it in a shop on level 2 of the Orcish Mines)
 19818 | Orc:2    | Bought a pair of glowing boots for 187 gold pieces
 19917 | Orc:2    | Found a transporter.
 20024 | Orc:2    | Identified the +8 great mace "Abairon" {pain, rElec rPois
                  | Str+3 Stlth+}
 20036 | Orc:2    | Noticed MKJORY's ghost (journeyman TrGl)
 20040 | Orc:2    | Found a transporter.
 20290 | Elf:1    | Entered Level 1 of the Elven Halls
 20711 | Elf:1    | Found Usysem's General Store.
 20819 | Elf:1    | Noticed a deep elf sorcerer
 20963 | Abyss:2  | Cast into level 2 of the Abyss (a deep elf sorcerer)
 21163 | Abyss:2  | Found a corrupted altar of Lugonu.
 21399 | Abyss:2  | Found a corrupted altar of Lugonu.
 21411 | Abyss:2  | Noticed a cyan very ugly thing
 21417 | Abyss:2  | Found a corrupted altar of Lugonu.
 21504 | Elf:1    | Escaped the Abyss
 21507 | Elf:1    | Killed a deep elf sorcerer
 21634 | Elf:1    | Reached XP level 16. HP: 131/131 MP: 16/16
 21885 | Elf:1    | Reached skill level 17 in Staves
 22716 | Elf:1    | Found Beong's Antique Armour Emporium.
 22721 | Elf:1    | Found Unitiv's Book Emporium.
 22724 | Elf:1    | Bought a runed cloak for 187 gold pieces
 23136 | Elf:2    | Found a radiant altar of Vehumet.
 23523 | Elf:2    | Found a runed translucent gate.
 23523 | Elf:2    | Found a runed translucent gate.
 23523 | Elf:2    | Found a runed translucent gate.
 23909 | Elf:2    | Noticed Donald
 23918 | Elf:2    | Killed Donald
 23919 | Elf:2    | Reached skill level 10 in Shields
 24536 | Elf:2    | Reached XP level 17. HP: 134/140 MP: 17/17
 24538 | Elf:2    | Reached skill level 18 in Staves
 24939 | Elf:3    | Entered Level 3 of the Elven Halls
 25620 | Elf:3    | Killed from afar by a ghostly deep elf death mage

Illustrated notes

Levels and vault maps discovered:
D:1:      scummos_arrival_hexagon, layout_basic
D:2:      layout_basic, basic_altar, serial_forest,
          infiniplex_forest_straight_4, infiniplex_forest_lined_3,
          infiniplex_forest_side_room, infiniplex_forest_straight_3,
          infiniplex_forest_lined_ring, infiniplex_forest_lined_room_,
          infiniplex_forest_clump_cross, infiniplex_forest_clump_tiny
D:3:      layout_basic, lemuel_coloured_pillars_altar, serial_shops, shop,
          minmay_quadrilaterals, uniq_sigmund
D:4:      layout_basic
D:5:      layout_rooms, kennysheep_mini, minmay_temple_entry_sparse_star
D:6:      layout_basic, lemuel_crystal_altar, grunt_ministairs_2,
          hex_intersection, nicolae_shop_gadgets, uniq_pikel
D:7:      hangedman_cross_stitches, layout_rooms, kennysheep_generic_room_4,
          uniq_maggie
D:8:      layout_rooms
D:9:      layout_cave_pools, xom_teletrap_fun, grunt_lair_entry_orc_guard_hut,
          erik_orc_2
Temple:   nicolae_temple_bog_church
Lair:1:   layout_regular_city
Lair:2:   layout_chaotic_city, guppyfry_snake_entry_island,
          amcnicky_mini_pool_medium, grunt_megastairs_3
Lair:3:   regret_index_combs_of_tragedy, layout_gridlike,
          palyth_hydra_swamp_entry, lemuel_fruit_fields, serial_bayou_shore_b,
          serial_bayou_shore_b
Lair:4:   layout_big_grid, nicolae_slime_entry_field_trip, uniq_urug
Lair:5:   minmay_lair_end_enchanted_forest, layout_cave_pods,
          eino_house_with_fridge
Orc:1:    layout_caves, serial_shops, nicolae_shop_mannequins
Orc:2:    st_orc_ogre_mass, layout_diamond_mine, gammafunk_ghost_smash,
          basic_altar, guppyfry_library_mini
Elf:1:    nicolae_elf_arrival_no_cutting_in_line, layout_geoelf_octagon,
          serial_shops, nicolae_diamond_shop,
          hangedman_elven_crosses_minicolossus, minmay_shop_star
Elf:2:    elven_hall_of_blades_hangedman_original
          [nicolae_blade_entry_area_security], layout_geoelf_octagon,
          basic_altar, uniq_donald
Elf:3:    nooodl_elf_gasket, layout_rooms, serial_shops,
          nicolae_shop_tiny_waterfront, ebering_ghost_rock_garden, uniq_roxanne

Skill      XL: |  1  2  3  4  5  6  7  8  9 10 11 12 13 14 15 16 17 |
---------------+----------------------------------------------------+-----
Staves         | 3 4 5 6 8 10 11 13 14 15 16 17 18 | 18.1
Dodging        | 1 2 3 4 5 6 7 8 9 10 11 12 | 12.0
Fighting       | 4 5 6 7 8 9 10 11 12 13 14 | 14.5
Armour         | 4 5 6 7 8 9 10 11 12 13 14 | 14.5
Shields        | 6 8 10 | 10.8

Action                     |  1- 3 |  4- 6 |  7- 9 | 10-12 | 13-15 | 16-18 || total
---------------------------+-------+-------+-------+-------+-------+-------++-------
  Melee: Quarterstaff      |    78 |   149 |   266 |       |       |       ||   493
         Spear             |       |       |    16 |   869 |    39 |       ||   924
         Lajatang          |       |       |       |    84 |   863 |   214 ||  1161
 Invoke: Serpent's Lash    |       |       |       |     4 |     6 |     3 ||    13
Ability: Lunge             |       |       |    39 |    62 |    83 |    33 ||   217
         Whirlwind         |       |       |    19 |   110 |   223 |    17 ||   369
         Dig               |       |       |     1 |     1 |     2 |       ||     4
    Use: Scroll            |       |       |     1 |    24 |     4 |       ||    29
         Potion            |       |       |       |     2 |     6 |     1 ||     9
   Stab: Sleeping          |       |       |       |     1 |     1 |     8 ||    10
         Distracted        |       |       |       |       |     2 |       ||     2
 Armour: Scale mail        |    35 |    49 |    45 |     9 |       |       ||   138
         Steam dragon scal |       |       |       |    56 |    83 |       ||   139
         Leather armour    |       |       |       |       |    10 |    23 ||    33
  Dodge: Dodged            |    42 |    69 |   223 |   587 |   670 |   124 ||  1715
  Block: Buckler           |    24 |    38 |    69 |   157 |   248 |    53 ||   589
         Reflection        |       |       |       |       |     4 |    41 ||    45
         Kite shield       |       |       |       |       |       |    49 ||    49
